 Dungeon Crawl Stone Soup version 0.26.1-11-gd32895ea62 (webtiles) character file.

Game seed: 13052820888426733197

1898 Zeld the Cleaver (level 8, -2/64 HPs)
             Began as a Minotaur Berserker on May 25, 2021.
             Was an Elder of Trog.
             Slain by a killer bee (4 damage)
             ... on level 5 of the Dungeon.
             The game lasted 00:09:14 (8174 turns).

Zeld the Cleaver (Minotaur Berserker)               Turns: 8174, Time: 00:09:14

Health: -2/64      AC:  0    Str: 24    XL:     8   Next: 93%
Magic:  7/7        EV: 12    Int:  4    God:    Trog [****..]
Gold:   329        SH:  0    Dex: 10    Spells: 7/7 levels left

rFire    . . .     SeeInvis .   a - +1 hand axe (flame)
rCold    . . .     Faith    .   (no shield)
rNeg     . . .     Spirit   .   (no armour)
rPois    .         Reflect  .   (helmet restricted)
rElec    .         Harm     .   (no cloak)
rCorr    .         Rampage  .   (no gloves)
Will     ++...                  (no boots)
Stlth    +.........             (no amulet)
HPRegen  1.20/turn              (no ring)
MPRegen  0.10/turn              (no ring)

@: lethally poisoned (-2 -> -3), berserk cooldown, flying, regenerating
(expiring), slowed, very slow
A: retaliatory headbutt, horns 2
a: Renounce Religion, Berserk, Trog's Hand, Brothers in Arms


You were on level 5 of the Dungeon.
You worshipped Trog.
Trog was greatly pleased with you.
You visited 2 branches of the dungeon, and saw 6 of its levels.

You collected 329 gold pieces.

Inventory:

Hand Weapons
 a - a +1 hand axe of flaming (weapon)
 b - a +0 hand axe
Jewellery
 f - a cursed -4 ring of strength {unknown}
 j - an uncursed amulet of faith {unknown}
 s - an uncursed ring of see invisible {unknown}
Wands
 i - a wand of acid (4)
 n - a wand of flame (35)
Scrolls
 e - a scroll of identify
 l - 2 scrolls of blinking {unknown}
 o - a scroll of immolation {unknown}
 r - 4 scrolls of remove curse {unknown}
 u - a scroll of teleportation {unknown}
 v - a scroll of fear {unknown}
Potions
 c - a potion of flight
 d - a potion of invisibility {unknown}
 m - 2 potions of cancellation {unknown}
 p - a potion of resistance {unknown}
 q - a potion of haste {unknown}
 t - 3 potions of curing {unknown}
 w - 2 potions of heal wounds {unknown}


   Skills:
 - Level 3.6 Fighting
 * Level 13.7 Axes
 - Level 2.4 Armour
 - Level 2.1 Dodging


You had 7 spell levels left.
You didn't know any spells.
Your spell library was empty.

Dungeon Overview and Level Annotations

Branches:
Dungeon (5/15)             Temple (1/1) D:4

Altars:
Ashenzari
Cheibriados
Dithmenos
Elyvilon
Fedhas
Gozag
Hepliaklqana
Kikubaaqudgha
Nemelex Xobeh
Okawaru
Qazlal
Ru
Sif Muna
Trog
Uskayaw
Vehumet
Wu Jian
Xom
Zin
The Shining One

Annotations:
D:5 1 transporter


Innate Abilities, Weirdness & Mutations

You reflexively headbutt those who attack you in melee.
You have a pair of horns on your head.


Message History

A killer bee is nearby!
The killer bee buzzes angrily.
You hit the killer bee but do no damage.
Your headbutt misses the killer bee.
You feel sick. The killer bee barely misses you.
You barely miss the killer bee.
You feel sick. The killer bee closely misses you.
The killer bee barely misses you. You furiously retaliate!
You headbutt the killer bee. You miss the killer bee.
The killer bee is moderately wounded.
You feel sick. The killer bee stings you!
* * * LOW HITPOINT WARNING * * *
The killer bee closely misses you.
Unknown command.
It was a potion of flight.
You feel very buoyant.
You fly up into the air.
You feel the effects of Trog's Hand fading.
You feel sick. The killer bee stings you.
You die...

#........####...# #.#
#...............# #.#
##<....#.###....# #.#
##...##.###....# #.#
#.####..##....####.##
#.###...÷...©.......#####
#..#..#############..#..#
##...#####.†©..#####....#
#..###...#@..#...###...# #
#..##..#.y###..#..##...# #
#..###.#.#...#.#.###.#.# #
#...# ### #..### #....####
##.###.#y#..
#...###.....##
#.##(.#.!###..#..##.......
#.###..y#...#.#.###..##.#.
#..#####$yy:.#####...##.#>
##..#############...###.##


You could see a killer bee.

Vanquished Creatures
  The ghost of Patoropollo the Skirmisher, an amateur HOFi (D:4)
  Grinder (D:3)
  The ghost of Zeld the Twirler, an amateur OpGl of Okawaru (D:5)
  An ogre (D:4)
  A big kobold (D:4)
  A bullfrog (D:5)
  A scorpion (D:2)
  5 killer bees (D:5)
  2 howler monkeys
  4 crimson imps (D:3)
  2 hounds
  A gnoll shaman (D:4)
  2 iguanas (D:4)
  An orc wizard (D:3)
  2 worker ants
  A hound zombie (D:5)
  A worker ant zombie (D:5)
  5 adders
  13 gnolls (D:4)
  A howler monkey skeleton (D:4)
  3 oozes
  4 worms (D:2)
  2 dart slugs (D:3)
  5 leopard geckos
  11 orcs
  2 ball pythons
  7 bats
  7 giant cockroaches
  8 hobgoblins
  13 jackals
  52 kobolds
  2 quokkas
  16 frilled lizards
  7 goblins
  13 rats
199 creatures vanquished.

Vanquished Creatures (others)
  9 plants (D:3)
9 creatures vanquished.

Grand Total: 208 creatures vanquished

Notes
Turn   | Place    | Note
-------+----------+-------------------------------------------
     0 | D:1      | Zeld the Minotaur Berserker began the quest for the Orb.
     0 | D:1      | Reached XP level 1. HP: 19/19 MP: 0/0
   286 | D:1      | Reached skill level 4 in Axes
   287 | D:1      | Reached XP level 2. HP: 9/26 MP: 1/1
  1063 | D:1      | Reached skill level 5 in Axes
  1067 | D:1      | Reached XP level 3. HP: 28/31 MP: 2/2
  1749 | D:2      | Reached ** piety under Trog
  2034 | D:2      | Noticed a scorpion
  2045 | D:2      | Killed a scorpion
  2046 | D:2      | Reached skill level 6 in Axes
  2046 | D:2      | Reached XP level 4. HP: 8/39 MP: 3/3
  2713 | D:2      | Reached XP level 5. HP: 35/45 MP: 4/4
  2789 | D:2      | Reached skill level 7 in Axes
  3556 | D:3      | Noticed Grinder
  3569 | D:3      | Killed Grinder
  3570 | D:3      | Reached skill level 9 in Axes
  3570 | D:3      | Reached XP level 6. HP: 51/51 MP: 5/5
  3680 | D:3      | Reached *** piety under Trog
  3692 | D:3      | Found an iron altar of Okawaru.
  4521 | D:3      | Found a shimmering altar of Xom.
  4542 | D:3      | Reached XP level 7. HP: 26/57 MP: 6/6
  4563 | D:3      | Reached skill level 10 in Axes
  5202 | D:4      | Found a runed translucent gate.
  5202 | D:4      | Found a runed translucent gate.
  5204 | D:4      | Found a runed translucent gate.
  5561 | D:4      | Noticed Patoropollo's ghost (amateur HOFi)
  5727 | D:4      | Killed Patoropollo's ghost
  5728 | D:4      | Reached skill level 11 in Axes
  5785 | D:4      | Found a staircase to the Ecumenical Temple.
  5795 | Temple   | Entered the Ecumenical Temple
  6056 | D:4      | You fall into a shaft and drop 1 floor!
  6056 | D:5      | Entered Level 5 of the Dungeon
  6070 | D:4      | Reached XP level 8. HP: 62/64 MP: 7/7
  6607 | D:4      | Reached **** piety under Trog
  6644 | D:4      | Reached skill level 12 in Axes
  7586 | D:5      | Found an opulent altar of Gozag.
  7696 | D:5      | Found a transporter.
  7701 | D:5      | Found a transporter.
  7760 | D:5      | Noticed Zeld's ghost (amateur OpGl)
  7764 | D:5      | Found a shadowy altar of Dithmenos.
  8152 | D:5      | Reached skill level 13 in Axes
  8159 | D:5      | Killed Zeld's ghost
  8173 | D:5      | HP: 2/64 [killer bee (9)]
  8174 | D:5      | Slain by a killer bee

Illustrated notes

Levels and vault maps discovered:
D:1:      minmay_arrival_four_houses, layout_loops_ring, hex_large
D:2:      minmay_wonky_spiral, layout_basic
D:3:      layout_loops_cross, led_xom_imps, lemuel_round_altar,
          gup_sewer_entry_spiral, minmay_lizard_king, uniq_grinder
D:4:      minmay_goblin_kobold_castle, layout_rooms, minmay_temple_entry_wispy,
          gammafunk_ghost_split, serial_park_tiny_1, hangedman_decor_growths
D:5:      layout_rooms, gammafunk_ghost_hive, basic_altar,
          nicolae_gozag_cash_rules_everything_around_me
Temple:   minmay_crystal_spiral_temple

Skill      XL: |  1  2  3  4  5  6  7  8 |
---------------+-------------------------+-----
Axes           | 4 5 6 9 11 13 | 13.7
Fighting       | |  3.6
Armour         | |  2.4
Dodging        | |  2.1

Action                   |  1- 3 |  4- 6 |  7- 9 || total
-------------------------+-------+-------+-------++-------
Melee: Hand axe          |    87 |   146 |   217 ||   450
       Headbutt          |    14 |    17 |    32 ||    63
Invok: Berserk           |     3 |     1 |     7 ||    11
       Trog's Hand       |       |     1 |     2 ||     3
  Use: Scroll            |       |       |     6 ||     6
       Potion            |       |       |     1 ||     1
 Stab: Sleeping          |       |     1 |       ||     1
Dodge: Dodged            |    54 |    78 |   126 ||   258
